 Dungeon Crawl Stone Soup version 0.28.0 (webtiles) character file.

Game seed: 12867513454371999340

25 croobank the Skirmisher (level 3, -2/24 HPs)
             Began as a Kobold Abyssal Knight on Feb 8, 2022.
             Was a Follower of Lugonu.
             Slain by a scorpion (4 damage)
             ... on level 2 of the Dungeon.
             The game lasted 00:05:34 (1405 turns).

croobank the Skirmisher (Kobold Abyssal Knight)     Turns: 1405, Time: 00:05:35

Health: -2/24      AC:  4    Str: 12    XL:     3   Next: 20%
Magic:  4/4        EV: 14    Int: 11    God:    Lugonu [*.....]
Gold:   59         SH:  0    Dex: 15    Spells: 2/2 levels left

rFire   . . .      SeeInvis .   a - +1 short sword
rCold   . . .      Faith    .   (no shield)
rNeg    . . .      Spirit   .   j - +0 leather armour
rPois   .          Reflect  .   (no helmet)
rElec   .          Harm     .   (no cloak)
rCorr   .          Rampage  .   g - +0 pair of gloves
Will    .....                   (no boots)
Stlth   +++.......              (no amulet)
HPRegen 0.08/turn               (no ring)
MPRegen 0.09/turn               (no ring)

@: lethally poisoned (-2 -> -5)
A: small, no large weapons, nightstalker 3
a: Renounce Religion, Depart the Abyss


You were on level 2 of the Dungeon.
You worshipped Lugonu.
Lugonu was aware of your devotion.
You visited 1 branch of the dungeon, and saw 2 of its levels.
You visited the Abyss 1 time.

You collected 59 gold pieces.

Inventory:

Hand Weapons
 a - a +1 short sword (weapon)
 b - a +0 hunting sling
 d - a +0 hand axe
Missiles
 i - 6 boomerangs (quivered)
 k - 16 bolts
Armour
 c - a +0 helmet
 g - a +0 pair of gloves (worn)
 j - a +0 leather armour (worn)
Magical Staves
 l - a staff of conjuration


   Skills:
 - Level 3.8 Fighting
 - Level 2.9 Short Blades
 - Level 0.7 Armour
 - Level 2.5 Dodging
 + Level 2.6 Stealth
 - Level 2.0 Invocations


You had 2 spell levels left.
You didn't know any spells.
Your spell library contained the following spells:

 Spells                   Type           Power      Damage    Failure   Level
 Sting                    Tmut/Pois      0%         1d3       41%         1
 Corpse Rot               Necr/Air       0%         N/A       56%         2
 Poisonous Vapours        Pois/Air       0%         N/A       56%         2
 Dispel Undead            Necr           0%         3d6       99%         4
 Olgreb's Toxic Radiance  Pois           0%         N/A       99%         4
 Death Channel            Necr           0%         N/A       100%        6


Dungeon Overview and Level Annotations

Branches:
Dungeon (2/15)

Altars:

Shops:
D:1 (=


Innate Abilities, Weirdness & Mutations

You are small and have problems with some larger weapons.
You are completely attuned to the shadows.


Message History

You feel invigorated.
You feel sick. The scorpion stings you.
It was a potion of curing.
You feel better.
You feel less invigorated. The scorpion misses you.
You closely miss the scorpion. The scorpion stings you!
It was a potion of heal wounds.
You feel much better. The scorpion misses you. The scorpion barely misses you.
The scorpion barely misses you. The scorpion misses you.
You closely miss the scorpion. The scorpion misses you.
You hit the scorpion but do no damage. The scorpion closely misses you.
You closely miss the scorpion.
The scorpion stings you but does no damage.
You hit the scorpion.
The scorpion is lightly wounded.
The scorpion stings you but does no damage.
You closely miss the scorpion.
The scorpion is lightly wounded.
The scorpion stings you.
You hit the scorpion but do no damage.
The scorpion is lightly wounded.
The scorpion barely misses you.
You hit the scorpion.
The scorpion is moderately wounded.
The scorpion barely misses you. The scorpion stings you.
You are poisoned.
The scorpion poisons you!
You aren't carrying any scrolls.
Okay, then.
You feel very sick. The scorpion stings you.
* * * LOW HITPOINT WARNING * * *
* * * LOW HITPOINT WARNING * * *
You feel sick.
* * * LOW HITPOINT WARNING * * *
You feel sick.
* * * LOW HITPOINT WARNING * * *
You feel sick.
* * * LOW HITPOINT WARNING * * *
You feel sick. The scorpion stings you.
You die...

### #.#######.# ##.#
#....s@.....# #..# #
#.#######...# #..#..
#.# #...# #s....
#.##### #...# #g#####
#>....# #...#####.#.#..
#.....###...g.......#.#
#......)#..########'#.#
#.#####....... .......#
## ###..### ##...b.#


You could see a scorpion.

Vanquished Creatures
  2 endoplasms (D:1)
  A giant cockroach (D:1)
  A goblin (D:2)
  3 jackals (D:1)
  2 kobolds (D:1)
  3 quokkas (D:1)
  2 ball pythons (D:1)
  4 bats (D:1)
  4 frilled lizards (D:1)
  A rat (D:2)
23 creatures vanquished.

Notes
Turn   | Place    | Note
-------+----------+-------------------------------------------
     0 | Abyss:1  | croobank the Kobold Abyssal Knight began the quest for the
                  | Orb.
     0 | Abyss:1  | Reached XP level 1. HP: 14/14 MP: 2/2
     0 | Abyss:1  | Found a corrupted altar of Lugonu.
     6 | D:1      | Escaped the Abyss
   267 | D:1      | Reached XP level 2. HP: 16/20 MP: 3/3
   467 | D:1      | Reached skill level 1 in Stealth
   555 | D:1      | Found Tenuakhlevei's Jewellery Shoppe.
   857 | D:1      | Reached XP level 3. HP: 24/24 MP: 4/4
  1092 | D:1      | Found Vag Asoj's Weapon Emporium.
  1358 | D:2      | Noticed a scorpion
  1405 | D:2      | Slain by a scorpion

Illustrated notes

Levels and vault maps discovered:
D:1:      heliophobic_arrival_glass_houses, layout_loops_ring, serial_shops,
          nicolae_shop_bloodbath_and_beyond, nicolae_shop_stone
D:2:      minmay_evil_eye, layout_basic, hellmonk_ecumenical_altar_zigzags,
          uniq_jessica

Skill      XL: |  1  2 |
---------------+-------+-----
Stealth        | 2 |  2.6
Fighting       | |  3.8
Short Blades   | |  2.9
Armour         | |  0.7
Dodging        | |  2.5
Invocations    | |  2.0

Action                   || total
-------------------------++-------
Melee: Short sword       ||    67
  Use: Potion            ||     3
 Stab: Sleeping          ||     6
Armor: Leather armour    ||    17
Dodge: Dodged            ||    51
